 Dungeon Crawl Stone Soup version 0.30.0-5-g1a98f26d00 (webtiles) character file.

Game seed: 9002196877888817504

3938 growler the Thaumaturge (level 10, -5/60 HPs)
             Began as a Djinni Conjurer on May 10, 2023.
             Was an Initiate of Ashenzari.
             Killed by an exploding fulminant prism (26 damage)
             ... on level 7 of the Dungeon on May 12, 2023.
             The game lasted 00:18:31 (6705 turns).

growler the Thaumaturge (Djinni Conjurer)           Turns: 6705, Time: 00:18:32

Health: -5/60      AC:  4    Str:  6    XL:     10   Next: 44%
Gold:   399        EV: 12    Int: 25    God:    Ashenzari [......] SH:  0 Dex: 11

rFire   + + .        u - +5 Force Lance {heavy, knockback}
rCold   x . .        (no shield)
rNeg    . . .        a - +0 robe
rPois   ∞            (no helmet)
rElec   .            (no cloak)
rCorr   .            h - +1 pair of gloves
SInv    .            (boots unavailable)
Will    +....        (no amulet)
Stlth   ++           x - ring of wizardry
HPRegen 0.30/turn    (no ring)
MPRegen 0.00/turn

%: wizardry (x1), infuse magic (-6 HP)
@: flying
A: sickness immunity, fire resistance 2, cold vulnerability 1, float, innate
caster, HP casting, extra vitality 1
a: Renounce Religion


You were on level 7 of the Dungeon.
You worshipped Ashenzari.
Ashenzari was noncommittal.
You visited 2 branches of the dungeon, and saw 9 of its levels.

You collected 399 gold pieces.

Inventory:

Hand Weapons
 u - the +5 Force Lance (weapon) {heavy, knockback}
   (You found it on level 5 of the Dungeon)
Armour
 a - a +0 robe (worn)
 h - a +1 pair of gloves (worn)
 y - a +0 buckler
Jewellery
 l - a ring of resist corrosion
 x - a ring of wizardry (left hand)
Wands
 v - a wand of polymorph (9)
 A - a wand of iceblast (27)
 D - a wand of light (9)
Scrolls
 b - 2 scrolls of torment
 c - a scroll of fear
 e - a scroll of silence {unknown}
 i - 5 scrolls of magic mapping
 k - a scroll of blinking
 n - 2 scrolls of enchant armour
 p - 3 scrolls of fog
 q - a scroll of noise
 t - a scroll of immolation {unknown}
 z - 2 scrolls of vulnerability {unknown}
 E - a scroll of amnesia {unknown}
Potions
 d - a potion of berserk rage
 f - a potion of ambrosia
 g - 3 potions of heal wounds
 j - 2 potions of brilliance {unknown}
 m - a potion of lignification
 o - 2 potions of flight
 r - 4 potions of curing {unknown}
 s - a potion of mutation {unknown}
 w - 2 potions of attraction {unknown}
 B - a potion of cancellation {unknown}
 C - a potion of resistance {unknown}


   Skills:
 - Level 2.1 Dodging
 - Level 1.5 Stealth
 + Level 11.6 Spellcasting


You knew the following spells:

 Your Spells              Type           Power      Damage    Failure   Level
a - Magic Dart            Conj           100%       1d8       1%          1
b - Searing Ray           Conj           100%       2d8       1%          2
c - Dazzling Flash        Conj/Hex       100%       N/A       1%          3
d - Fulminant Prism       Conj/Hex       32%        3d16      1%          4
e - Iskenderun's Mystic   Conj/Tloc      64%        2d13      1%          4
f - Slow                  Hex            100%       N/A       1%          1
g - Scorch                Fire           100%       2d9       1%          2
h - Confusing Touch       Hex            64%        N/A       1%          3
i - Ozocubu's Armour      Ice            64%        N/A       1%          3
Your spell library was empty.

Dungeon Overview and Level Annotations

Branches:
Dungeon (8/15)             Temple (1/1) D:6
   Lair: D:8-11

Altars:
Ashenzari
Cheibriados
Dithmenos
Fedhas
Gozag
Hepliaklqana
Makhleb
Nemelex Xobeh
Okawaru
Qazlal
Ru
Trog
Uskayaw
Wu Jian
Xom
Yredelemnul
Zin
The Shining One

Shops:
D:4 *   D:5 !*=

Annotations:
D:4 2 runed translucent doors, Cressida's ghost, amateur TeEn


Innate Abilities, Weirdness & Mutations

You are immune to sickness and miasma.
You are immune to poison.
Your flesh is very heat resistant. (rF++)
You are vulnerable to cold. (rC-)
You float through the air rather than walking.
You learn spells naturally, not from books.
Your magical power is your life essence.
You have superior vitality. (+4 MHP)


Message History

Your fulminant prism crackles loudly.
A hell rat comes into view.
The killer bee closely misses you.
The orc priest mumbles some strange prayers to Beogh against you.
Beogh smites you!
Unknown command.
The killer bee stings you!
Your fulminant prism explodes!
The blast of energy engulfs the death yak!
The death yak is lightly wounded.
The blast of energy engulfs the howler monkey!
The howler monkey is severely wounded.
The blast of energy engulfs the howler monkey!
The howler monkey is severely wounded.
The blast of energy engulfs the killer bee!!
You kill the killer bee!
The death yak misses you.
The death yak bellows!
You hear a shout! x2; You hear a deafening roar!
You hear a shout!
You fly upwards.
There is a stone staircase leading down here.
Casting: Fulminant Prism (safe; 1% risk of failure)
Confirm with . or Enter, or press ? or * to list all spells.
You erupt in a blast of force!
The mystic blast hits the death yak!
The death yak is moderately wounded.
The death yak is knocked back by the mystic blast.
Casting: Iskenderun's Mystic Blast (safe; 1% risk of failure)
Confirm with . or Enter, or press ? or * to list all spells.
Aiming: Fulminant Prism (safe; 1% risk of failure)
Press: ? - help, Dir - move target You conjure a prism of explosive energy!
A fulminant prism comes into view.
The death yak attacks as you move away! The death yak completely misses you.
Your fulminant prism crackles loudly.
The death yak attacks as you move away! The death yak barely misses you.
Your fulminant prism explodes!
The blast of energy engulfs the death yak.
The death yak is heavily wounded.
The blast of energy engulfs you!!
You die...

###....# ##.........# ##.. #....#
#.........# #.. #....#
#.........# #.. ###....#
#######.........####.. .......#
#..........####....... .......#
#..........#..#....... .......#
#..........#..#....... .......#
#..........#..'.......
.......#####...Y@.....####.......
####'##.....######.........####..
......#....>#....'.........#..#..
......#.<...#....#.........#..'<.
'######.....#..###.........####..
.......############+####+#.......
...[...#...#.............+.......
.......#...#.............#.......
.......'...#.............#.......


You could see a death yak.

Vanquished Creatures
  Pikel (D:6)
  Maggie (D:6)
  A hornet (D:6)
  Grinder (D:5)
  A yak (D:8)
  A steam dragon (D:7)
  4 water moccasins
  Duvessa (D:6)
  An ice beast (D:6)
  A black bear (D:5)
  An orc warrior (D:6)
  2 centaurs
  2 lemures (D:6)
  2 kobold brigands
  A phantom (D:6)
  3 bullfrogs
  5 scorpions
  2 killer bees (D:8)
  Dowan (D:6)
  2 howler monkeys
  3 jellies
  6 hounds
  A sleepcap (D:5)
  3 iguanas
  4 orc wizards
  A gnoll (D:5)
  9 adders
  A shadow imp (D:6)
  A white imp (D:5)
  2 ufetubi (D:8)
  2 worms
  3 dart slugs
  11 orcs
  4 bats
  3 endoplasms
  2 giant cockroaches
  4 goblins
  8 hobgoblins
  8 jackals (D:2)
  17 kobolds
  3 quokkas
  18 ball pythons
  4 frilled lizards
  2 rats
154 creatures vanquished.

Vanquished Creatures (others)
  21 fulminant prisms
21 creatures vanquished.

Grand Total: 175 creatures vanquished

Notes
Turn   | Place    | Note
-------+----------+-------------------------------------------
     0 | D:1      | growler the Djinni Conjurer began the quest for the Orb.
     0 | D:1      | growler set off with the following spells memorised: Magic
                  | Dart, Searing Ray, Dazzling Flash, Fulminant Prism,
                  | Iskenderun's Mystic Blast.
     0 | D:1      | Reached XP level 1. HP: 15/15 MP: 0/0
    83 | D:1      | Reached XP level 2. HP: 19/21 MP: 0/0
   639 | D:1      | Reached XP level 3. HP: 24/25 MP: 0/0
   639 | D:1      | Learned a level 1 spell: Slow
   846 | D:1      | Reached skill level 4 in Spellcasting
  1384 | D:2      | Reached XP level 4. HP: 27/31 MP: 0/0
  1421 | D:2      | You are sucked into a shaft and drop 2 floors!
  1474 | D:4      | Found a sparkling altar of Nemelex Xobeh.
  1726 | D:2      | Reached XP level 5. HP: 30/35 MP: 0/0
  1726 | D:2      | Learned a level 2 spell: Scorch
  2031 | D:2      | Found a faded altar of an unknown god.
  2148 | D:3      | Found a hide-covered altar of Uskayaw.
  2398 | D:3      | Reached skill level 5 in Spellcasting
  2561 | D:4      | Noticed a bullfrog
  2561 | D:4      | Found Zin's Purification Station.
  2567 | D:4      | Killed a bullfrog
  2568 | D:4      | Reached XP level 6. HP: 35/40 MP: 0/0
  2593 | D:4      | Found a glowing silver altar of Zin.
  2641 | D:4      | Found a large runed translucent door.
  2641 | D:4      | Found a large runed translucent door.
  2663 | D:4      | Noticed Cressida's ghost (amateur TeEn)
  2871 | D:4      | Reached skill level 6 in Spellcasting
  2871 | D:4      | Reached XP level 7. HP: 23/45 MP: 0/0
  2871 | D:4      | Learned a level 3 spell: Confusing Touch
  3227 | D:5      | Entered Level 5 of the Dungeon
  3227 | D:5      | Noticed Grinder
  3227 | D:5      | Found Ceots's Distillery.
  3233 | D:5      | Killed Grinder
  3394 | D:5      | Found the +5 Force Lance {heavy, knockback}
  3418 | D:5      | Reached skill level 7 in Spellcasting
  3441 | D:5      | Reached XP level 8. HP: 43/50 MP: 0/0
  3762 | D:5      | Found Cejogoanei's General Store.
  4020 | D:5      | Found Bapuv's Jewellery Emporium.
  4131 | D:6      | Reached skill level 8 in Spellcasting
  4170 | D:6      | Noticed Pikel
  4191 | D:6      | Killed Pikel
  4192 | D:6      | Reached skill level 9 in Spellcasting
  4192 | D:6      | Reached XP level 9. HP: 44/55 MP: 0/0
  4192 | D:6      | Learned a level 3 spell: Ozocubu's Armour
  4433 | D:6      | Found a staircase to the Ecumenical Temple.
  4439 | Temple   | Entered the Ecumenical Temple
  4811 | D:6      | Noticed Maggie
  4818 | D:6      | Killed Maggie
  4833 | D:6      | Reached skill level 10 in Spellcasting
  5024 | D:6      | Noticed Dowan
  5025 | D:6      | Noticed Duvessa
  5028 | D:6      | Killed Dowan
  5039 | D:6      | Killed Duvessa
  5124 | D:6      | Reached XP level 10. HP: 47/60 MP: 0/0
  5819 | D:7      | Reached skill level 11 in Spellcasting
  5955 | D:7      | Found a broken altar of Ashenzari.
  6047 | D:7      | Found a burning altar of Makhleb.
  6054 | D:7      | Became a worshipper of Ashenzari the Shackled
  6691 | D:8      | Noticed a death yak
  6691 | D:8      | Noticed a death yak
  6696 | D:8      | Noticed a death yak
  6705 | D:7      | Killed by an exploding fulminant prism

Illustrated notes

Levels and vault maps discovered:
D:1:      amcnicky_arrival_gap_in_the_tavern_cellar, layout_basic,
          nicolae_figureground_pulse
D:2:      layout_loops_cross, hellmonk_ecumenical_altar_inner_sanctum
D:3:      layout_basic, lemuel_doored_altar
D:4:      layout_cave_pools, zin_purify, mainiacjoe_overflow_paths,
          ebering_ghost_disaster_area
D:5:      minmay_spotlight, layout_cave_pools, serial_shops,
          nicolae_stop_n_shop_1, nicolae_shop_tiny_real_fake_doors, shop,
          uniq_grinder
D:6:      layout_basic, minmay_temple_entry_purple_smoke, minmay_diced_spiral,
          uniq_pikel, uniq_duvessa, uniq_maggie
D:7:      layout_gridville, grunt_temple_overflow_open
D:8:      layout_gridville, dpeg_lair_monsters, serial_ice, serial_ice_o,
          serial_ice_b, serial_ice_e, serial_ice_i, serial_shops,
          nicolae_shop_rolled_up, amcnicky_mini_pool_small,
          dreamdust_gnoll_shepherd
Temple:   nicolae_temple_superstar

Skill      XL: |  1  2  3  4  5  6  7  8  9 10 |
---------------+-------------------------------+-----
Spellcasting   | 4 5 6 7 9 10 11 | 11.6
Dodging        | |  2.1
Stealth        | |  1.5

Action                     |  1- 3 |  4- 6 |  7- 9 | 10-12 || total
---------------------------+-------+-------+-------+-------++-------
  Melee: Lance             |       |       |    23 |    17 ||    40
   Cast: Magic Dart        |    61 |   100 |    73 |    36 ||   270
         Scorch            |       |     1 |     2 |       ||     3
         Searing Ray       |       |     1 |       |       ||     1
         Fulminant Prism   |       |       |    16 |     5 ||    21
         Iskenderun's Myst |       |       |    20 |    17 ||    37
    Use: Potion            |       |     3 |       |       ||     3
         Scroll            |       |     2 |       |     7 ||     9
 Armour: Robe              |     1 |     1 |     9 |     8 ||    19
         Skin              |       |     7 |       |       ||     7
  Dodge: Dodged            |     4 |    12 |    32 |    39 ||    87
